 Dungeon Crawl Stone Soup version 0.30-a0-715-gdb4ae3ece1 (webtiles) character file.

Game seed: 5432132280866133349

122 wormed the Blocker (level 5, -1/37 HPs)
             Began as a Gnoll Wanderer on Jan 24, 2023.
             Slain by an orc
             ... wielding a +0 club
              (2 damage)
             ... on level 4 of the Dungeon.
             The game lasted 00:03:32 (3089 turns).

wormed the Blocker (Gnoll Wanderer)                 Turns: 3089, Time: 00:03:33

Health: -1/37      AC:  2    Str:  8 (10) XL:     5   Next: 6%
Magic:  12/12      EV: 11    Int: 15 (16) God:
Gold:   147        SH:  5    Dex:  7 (10) Spells: 10/14 levels left

rFire   + . .      SeeInvis .    l - +8 whip of the Pits of Slime {heavy, rF+ rN+}
rCold   . . .      Faith    .    b - +0 buckler
rNeg    + . .      Spirit   .    d - +0 robe
rPois   .          Reflect  .    (no helmet)
rElec   .          Harm     .    p - scarf {repulsion}
rCorr   .          Rampage  .    (no gloves)
Will    .....                    (no boots)
Stlth   +                        (no amulet)
HPRegen 0.26/turn                (no ring)
MPRegen 0.13/turn                (no ring)

@: repel missiles
A: fangs 1, strong nose, distributed training
a: no special abilities


You were on level 4 of the Dungeon.
You visited 1 branch of the dungeon, and saw 4 of its levels.

You collected 147 gold pieces.

Inventory:

Hand Weapons
 a - a +0 dagger
 l - the +8 whip of the Pits of Slime (weapon) {heavy, rF+ rN+}
   (You found it on level 2 of the Dungeon)

   rF:        It protects you from fire.
   rN:        It protects you from negative energy.
Armour
 b - a +0 buckler (worn)
 d - a +0 robe (worn)
 p - a scarf of repulsion (worn)
Jewellery
 k - a ring of magical power
Scrolls
 g - 3 scrolls of identify
 i - 2 scrolls of vulnerability
 j - 3 scrolls of teleportation {unknown}
 n - a scroll of magic mapping {unknown}
Potions
 q - 2 potions of brilliance {unknown}
 r - a potion of heal wounds {unknown}
 s - a potion of mutation {unknown}
Miscellaneous
 e - a phantom mirror (inert)


   Skills:
 + Level 1.4 Fighting
 + Level 1.4 Short Blades
 + Level 1.4 Long Blades
 + Level 1.4 Axes
 + Level 1.4 Maces & Flails
 + Level 1.4 Polearms
 + Level 1.4 Staves
 + Level 1.4 Ranged Weapons
 + Level 1.4 Throwing
 + Level 1.4 Armour
 + Level 1.4 Dodging
 + Level 1.4 Stealth
 + Level 8.6 Shields
 + Level 1.4 Unarmed Combat
 + Level 5.1 Spellcasting
 + Level 1.1 Conjurations
 + Level 1.1 Hexes
 + Level 1.1 Summonings
 + Level 1.1 Necromancy
 + Level 1.1 Translocations
 + Level 1.1 Transmutations
 + Level 1.1 Fire Magic
 + Level 2.3 Ice Magic
 + Level 1.1 Air Magic
 + Level 1.1 Earth Magic
 + Level 1.1 Poison Magic
 + Level 1.5 Invocations
 + Level 6.6 Evocations


You had 10 spell levels left.
You knew the following spells:

 Your Spells              Type           Power      Damage    Failure   Level
a - Freeze                Ice            44%        1d6       8%          1
b - Mephitic Cloud        Conj/Pois/Air  7%         N/A       36%         3

Your spell library contained the following spells:

 Spells                   Type           Power      Damage    Failure   Level
 Cigotuvi's Dreadful Rot  Necr/Pois/Air  14%        N/A       19%         2
 Poisonous Vapours        Pois/Air       14%        N/A       19%         2
 Frozen Ramparts          Ice            22%        1d4       22%         3
 Ozocubu's Armour         Ice            11%        N/A       22%         3
 Hailstorm                Conj/Ice       9%         3d4       28%         3


Dungeon Overview and Level Annotations

Branches:
Dungeon (4/15)
 Temple: D:4-7

Altars:
Vehumet
Wu Jian


Innate Abilities, Weirdness & Mutations

You have very sharp teeth.
Your uncanny sense of smell can sniff out nearby items.
Your experience applies equally to all skills.


Message History

The orc shouts!
The orc priest shouts!
The endoplasm quivers.
You whack the orc priest!
The orc priest is heavily wounded.
The endoplasm completely misses you. The endoplasm closely misses you.
The orc priest hits you with a +0 club. The orc priest barely misses you.
You hit the orc priest. Your bite misses the orc priest.
The orc priest is severely wounded.
The orc barely misses you. You block the endoplasm's attack.
The orc hits you with a +0 club. The orc priest misses you.
The orc priest hits you with a +0 club.
You barely miss the orc priest. You bite the orc priest.
The orc priest is almost dead.
The orc hits you with a +0 club. x2
The orc priest hits you from afar with a +0 trident.
You block the orc priest's attack. The endoplasm freezes you.
You are frozen.
The orc closely misses you. The orc hits you with a +0 club.
The orc priest closely misses you. The endoplasm misses you.
The orc priest hits you from afar with a +0 trident.
* * * LOW HITPOINT WARNING * * *
You are too injured to fight recklessly!
You are too injured to fight recklessly!
You are too injured to fight recklessly!
You are too injured to fight recklessly!
You are too injured to fight recklessly!
There are monsters nearby!
As you read the scroll labelled SEABU GUNON, it crumbles to dust.
The creatures around you are filled with an inner flame!
It was a scroll of immolation.
The orc priest hits you from afar with a +0 trident!
* * * LOW HITPOINT WARNING * * *
You block the endoplasm's attack. You block the orc priest's attack.
The orc barely misses you. The orc closely misses you.
As you read the scroll labelled PIHOBA OMAX, it crumbles to dust.
It is a scroll of identify.
i - 2 scrolls of vulnerability You block the orc's attack.
The endoplasm closely misses you. The orc hits you with a +0 club.
You die...

#. #+###
##.##...##
........#
.......# ......#
#o...# #oJ..##
#o@o..# #.....#
#.....#
#....######
###....##...##
..............#
..............#
...............#
###...#####...###


You could see 2 orc priests, 2 orcs and an endoplasm (inner flame).

Vanquished Creatures
  7 adders
  4 worms
  2 dart slugs (D:2)
  An orc (D:3)
  5 endoplasms
  A giant cockroach (D:1)
  6 hobgoblins
  A kobold (D:1)
  3 quokkas
  6 ball pythons
  A bat (D:1)
  2 frilled lizards
  4 goblins
  4 rats
47 creatures vanquished.

Notes
Turn   | Place    | Note
-------+----------+-------------------------------------------
     0 | D:1      | wormed the Gnoll Wanderer began the quest for the Orb.
     0 | D:1      | wormed set off with the following items: a +0 dagger, a +0
                  | buckler, a scroll of blinking, a +0 robe, a phantom mirror;
                  | and the following spell memorised: Freeze; and the
                  | following spells available to memorise: Ozocubu's Armour.
     0 | D:1      | Reached XP level 1. HP: 13/13 MP: 6/6
   454 | D:1      | Reached XP level 2. HP: 16/19 MP: 7/7
  1339 | D:2      | Found an ornate altar of the Wu Jian Council.
  1546 | D:2      | Reached skill level 5 in Spellcasting
  1546 | D:2      | Reached XP level 3. HP: 17/25 MP: 7/9
  1586 | D:2      | Identified the +8 whip of the Pits of Slime {heavy, rF+
                  | rN+}
  1777 | D:2      | Reached skill level 1 in Invocations
  1815 | D:2      | Reached skill level 1 in Fighting
  1815 | D:2      | Reached skill level 1 in Short Blades
  1815 | D:2      | Reached skill level 1 in Long Blades
  1815 | D:2      | Reached skill level 1 in Axes
  1815 | D:2      | Reached skill level 1 in Maces & Flails
  1815 | D:2      | Reached skill level 1 in Polearms
  1815 | D:2      | Reached skill level 1 in Staves
  1815 | D:2      | Reached skill level 1 in Ranged Weapons
  1815 | D:2      | Reached skill level 1 in Throwing
  1815 | D:2      | Reached skill level 1 in Armour
  1815 | D:2      | Reached skill level 1 in Dodging
  1815 | D:2      | Reached skill level 1 in Stealth
  1815 | D:2      | Reached skill level 1 in Unarmed Combat
  1834 | D:2      | Reached XP level 4. HP: 24/32 MP: 11/11
  1920 | D:2      | Reached skill level 1 in Conjurations
  1920 | D:2      | Reached skill level 1 in Hexes
  1920 | D:2      | Reached skill level 1 in Summonings
  1920 | D:2      | Reached skill level 1 in Necromancy
  1920 | D:2      | Reached skill level 1 in Translocations
  1920 | D:2      | Reached skill level 1 in Transmutations
  1920 | D:2      | Reached skill level 1 in Fire Magic
  1920 | D:2      | Reached skill level 1 in Air Magic
  1920 | D:2      | Reached skill level 1 in Earth Magic
  1920 | D:2      | Reached skill level 1 in Poison Magic
  2505 | D:3      | HP: 1/32 [poisoned by an adder]
  2780 | D:3      | Found a radiant altar of Vehumet.
  2883 | D:3      | Reached XP level 5. HP: 36/37 MP: 12/12
  2988 | D:3      | Learned a level 3 spell: Mephitic Cloud
  3088 | D:4      | HP: 1/37 [orc priest/+0 trident (9)]
  3089 | D:4      | Slain by an orc

Illustrated notes

Levels and vault maps discovered:
D:1:      wander_arrival_desolate, layout_basic, serial_glass, glass_columns_a,
          glass_columns_a
D:2:      layout_loops_ring, basic_altar
D:3:      layout_rooms, mainiacjoe_overflow_alcove_1
D:4:      layout_gridville, minivault_11

Skill      XL: |  1  2  3  4 |
---------------+-------------+-----
Ice Magic      | 2 |  2.3
Spellcasting   | 5 |  5.1
Invocations    | 1 |  1.5
Fighting       | 1 |  1.4
Short Blades   | 1 |  1.4
Long Blades    | 1 |  1.4
Axes           | 1 |  1.4
Maces & Flails | 1 |  1.4
Polearms       | 1 |  1.4
Staves         | 1 |  1.4
Ranged Weapons | 1 |  1.4
Throwing       | 1 |  1.4
Armour         | 1 |  1.4
Dodging        | 1 |  1.4
Stealth        | 1 |  1.4
Unarmed Combat | 1 |  1.4
Conjurations   | 1 |  1.1
Hexes          | 1 |  1.1
Summonings     | 1 |  1.1
Necromancy     | 1 |  1.1
Translocations | 1 |  1.1
Transmutations | 1 |  1.1
Fire Magic     | 1 |  1.1
Air Magic      | 1 |  1.1
Earth Magic    | 1 |  1.1
Poison Magic   | 1 |  1.1
Shields        | |  8.6
Evocations     | |  6.6

Action                     |  1- 3 |  4- 6 || total
---------------------------+-------+-------++-------
  Melee: Dagger            |   156 |       ||   156
         Bite              |    18 |     4 ||    22
         Whip              |    22 |    57 ||    79
  Evoke: Phantom mirror    |     1 |     1 ||     2
    Use: Potion            |       |     4 ||     4
         Scroll            |       |     3 ||     3
   Stab: Sleeping          |     2 |       ||     2
 Armour: Robe              |    20 |     7 ||    27
  Dodge: Dodged            |    85 |    40 ||   125
  Block: Buckler           |    49 |    22 ||    71

Table legend: (Time is in decaauts)
 A = Elapsed time spent in this place.
 B = Non-inter-level travel time spent in this place.
 C = Inter-level travel time spent in this place.
 D = Time resting spent in this place.
 E = Time spent auto-exploring this place.
 F = Levels seen in this place.
 G = Mean time per level.
                   A        B        C        D        E       F      G
               +--------+--------+--------+--------+--------+-----+--------+
         Total |   3135 |   3017 |    118 |      0 |   2502 |   4 |  783.8 |
       Dungeon |   3135 |   3017 |    118 |      0 |   2502 |   4 |  783.8 |
               +--------+--------+--------+--------+--------+-----+--------+

Top non-repeatable levels by time:
     D:1: 1340 daAuts
     D:2: 970 daAuts
     D:3: 721 daAuts
     D:4: 103 daAuts
